 Dungeon Sprint DCSS version 0.26-a0-1184-g95e395e029 (webtiles) character file.

Game seed: 11031710366933307872

3924 reriks the Fighter (level 10, -14/72 HPs)
             Began as a Gargoyle Berserker on Dec 27, 2020.
             Was the Champion of Trog.
             Killed from afar by an iron elemental (54 damage)
             ... with an iron shot
             ... in the Dungeon (Sprint II: "The Violet Keep of Menkaure").
             The game lasted 00:09:14 (4906 turns).

reriks the Fighter (Gargoyle Berserker)             Turns: 4906, Time: 00:09:15

Health: -14/72     AC: 28    Str: 23    XL:     10   Next: 20%
Magic:  10/10      EV: 12    Int:  9    God:    Trog [******]
Gold:   279        SH:  5    Dex: 15    Spells: 9/9 levels left

rFire    . . .     SeeInvis .   a - +0 mace
rCold    . . .     Faith    .   w - +2 buckler
rNeg     + + .     Spirit   .   i - +1 plate armour {rN+}
rPois    ∞         Reflect  .   (no helmet)
rElec    +         Harm     .   l - +0 cloak
rCorr    .         Rampage  .   (no gloves)
Will     +++..     NoTele   +   j - +1 pair of boots
Stlth    ..........             r - amulet of magic regeneration
HPRegen  1.22/turn              n - +6 ring of dexterity
MPRegen  0.37/turn              k - ring of willpower

@: berserk cooldown, regenerating, slowed, very slow
A: negative energy resistance 1, electricity resistance, unbreathing,
petrification resistance, miasma immunity, AC +7
a: Renounce Religion, Berserk, Trog's Hand, Brothers in Arms


You were in the Dungeon.
You worshipped Trog.
Trog was exalted by your worship.
You visited 1 branch You collected 915 gold pieces.
You spent 636 gold pieces at shops.

Inventory:

Hand Weapons
 a - a +0 mace (weapon)
Armour
 b - a +0 animal skin
 i - a +1 plate armour of positive energy (worn)
 j - a +1 pair of boots (worn)
 l - a +0 cloak (worn)
 w - a +2 buckler (worn)
Jewellery
 k - a ring of willpower (right hand)
 n - a +6 ring of dexterity (left hand)
 r - an amulet of magic regeneration (around neck)
Scrolls
 h - 2 scrolls of blinking
 m - 2 scrolls of immolation
 q - a scroll of remove curse
 t - 2 scrolls of enchant armour {unknown}
 v - a scroll of enchant weapon {unknown}
Potions
 c - 3 potions of curing
 d - 3 potions of heal wounds
 e - 3 potions of flight
 f - 5 potions of magic
 g - a potion of berserk rage
 s - a potion of degeneration {unknown}
 u - 3 potions of resistance


   Skills:
 + Level 12.9 Fighting
 + Level 12.0 Maces & Flails
 + Level 12.7 Armour
 + Level 10.1 Dodging


You had 9 spell levels left.
You didn't know any spells.
Your spell library was empty.

Dungeon Overview and Level Annotations

Branches:
Dungeon (1/1)

Altars:
Cheibriados
Dithmenos
Elyvilon
Fedhas
Gozag
Kikubaaqudgha
Makhleb
Nemelex Xobeh
Okawaru
Sif Muna
Trog
Uskayaw
Vehumet
Yredelemnul
Zin
Beogh
Jiyva
Lugonu

Shops:
D :?[!(}:[[=!(=![

Annotations:
D exclusion: oklob plant


Innate Abilities, Weirdness & Mutations

You are resistant to torment.
Your stone body is resilient. (AC +7)
You are immune to poison.
You resist negative energy. (rN+)
You are resistant to electric shocks. (rElec)
You can survive without breathing.
You are immune to petrification.
You are immune to miasma.


Message History

The iron elemental gestures at you. The iron shot hits you!
You hit the iron elemental but do no damage.
The iron elemental is almost destroyed.
The iron elemental barely misses you.
You hit the iron elemental.
The iron elemental is almost destroyed.
The iron elemental gestures at you. You resist with almost no effort.
You hit the iron elemental but do no damage.
The iron elemental is almost destroyed.
You hit the iron elemental but do no damage.
The iron elemental is almost destroyed.
The iron elemental closely misses you.
You hit the iron elemental but do no damage.
The iron elemental is almost destroyed.
The iron elemental gestures at you. The iron shot hits you!!!
Ouch! That really hurt!
You die...

≈§≈≈§≈≈§≈# #○○.▓▓▓▓▓▓▓▓▓▓
#§≈≈≈≈≈§# ^.. #○..▓§§≈≈≈§§§▓
#+++#+++## .. ##|"▓▓▓▓▓▓▓▓▓▓
.........# .. .#|}▓).(.((.)▓
≈.##'##..# #. .#[○▓..(.(..[▓
≈##..###.#### +.##.#)"▓[)..((..▓
≈#..##.#....# ...####▓=[...[..▓
###.#.####..#####..##.#▓..([.(.)▓
.###'###.##..#[E@.^#..#▓...[.)..▓
..##.##..B#..#.$#..#÷)#▓(.....).▓
##'.<.+# #+..####..##)#▓[(..(.(.▓
..##.##..B#....###..(##▓▓▓▓▓▓▓'▓▓
.###'###.##......≈≈≈≈≈≈≈≈≈≈≈≈≈..w
###.#.####≈≈.....≈#+########+###.
≈#..#..#≈≈≈≈≈≈≈..§#_._.....#S≈§##
≈###.###≈≈≈≈≈≈§≈.§#._._....#S≈≈§#
≈≈##+##≈≈≈§§§§≈≈≈≈#_._._...#§≈≈§§


You could see an iron elemental.

Vanquished Creatures
  A crystal guardian (D)
  2 death drakes (D)
  A yaktaur (D)
  A hornet (D)
  3 polar bears (D)
  Menkaure (D)
  2 swamp drakes (D)
  4 necrophages (D)
  A scorpion (D)
  9 electric eels (D)
  4 worker ants (D)
  3 worms (D)
  2 tentacles (D)
34 creatures vanquished.

Vanquished Creatures (others)
  A water moccasin (D)
  24 tentacles (D)
25 creatures vanquished.

Grand Total: 59 creatures vanquished

Notes
Turn   | Place    | Note
-------+----------+-------------------------------------------
     0 | D        | reriks the Gargoyle Berserker began the quest for the Orb.
     0 | D        | Reached XP level 1. HP: 14/14 MP: 1/1
    14 | D        | Reached ** piety under Trog
    15 | D        | Reached XP level 2. HP: 20/20 MP: 2/2
   180 | D        | Noticed a boulder beetle
   180 | D        | Noticed a boulder beetle
   184 | D        | Noticed a necrophage
   184 | D        | Noticed a necrophage
   184 | D        | Noticed a necrophage
   184 | D        | Noticed a necrophage
   193 | D        | Killed a necrophage
   194 | D        | Reached skill level 5 in Fighting
   194 | D        | Reached skill level 5 in Maces & Flails
   194 | D        | Reached skill level 5 in Armour
   194 | D        | Reached XP level 3. HP: 27/27 MP: 3/3
   194 | D        | Reached XP level 4. HP: 32/32 MP: 4/4
   200 | D        | Killed a necrophage
   201 | D        | Reached XP level 5. HP: 37/37 MP: 5/5
   208 | D        | Killed a necrophage
   208 | D        | Reached *** piety under Trog
   209 | D        | Reached skill level 5 in Dodging
   209 | D        | Reached XP level 6. HP: 30/44 MP: 6/6
   222 | D        | Killed a necrophage
   546 | D        | Killed a water moccasin
   577 | D        | Reached **** piety under Trog
   578 | D        | Reached XP level 7. HP: 44/50 MP: 7/7
   628 | D        | Found Qeq Qima's Book Shoppe.
   628 | D        | Found Obotwe Arrex's Distillery.
   628 | D        | Found Ogoc's Jewellery Shoppe.
   628 | D        | Found Pucworept's Gadget Emporium.
   628 | D        | Found Forin's Antique Armour Shoppe.
   628 | D        | Found Ufoghirph's Jewellery Emporium.
   629 | D        | Found Betahyop's Distillery.
   629 | D        | Found Wethrah's Armour Shoppe.
   629 | D        | Found Nohal's Antique Armour Emporium.
   629 | D        | Found Palau's Antique Weapon Shoppe.
   629 | D        | Found Zimimn's Distillery.
   630 | D        | Found Wiful's Antique Armour Shoppe.
   630 | D        | Found Qeibij's Magic Scroll Emporium.
   630 | D        | Noticed a cane toad
   631 | D        | Found Pohoublym's Antique Weapon Shoppe.
   631 | D        | Noticed a cane toad
   632 | D        | Noticed Menkaure
   632 | D        | Noticed an oklob plant
   633 | D        | Noticed a death yak
   648 | D        | Killed Menkaure
   795 | D        | Found Juilav's Book Shoppe.
   806 | D        | Noticed a shining eye
   806 | D        | Noticed a shining eye
   816 | D        | Bought a glowing plate armour for 494 gold pieces
   826 | D        | Bought a pair of embroidered boots for 142 gold pieces
   908 | D        | Found an iron altar of Okawaru.
   908 | D        | Found a radiant altar of Vehumet.
   908 | D        | Found a glowing silver altar of Zin.
  1617 | D        | Reached ***** piety under Trog
  2448 | D        | Reached XP level 8. HP: 38/57 MP: 8/8
  2455 | D        | Reached skill level 10 in Fighting
  2705 | D        | Found a sparkling altar of Nemelex Xobeh.
  2705 | D        | Found a hide-covered altar of Uskayaw.
  2706 | D        | Found an opulent altar of Gozag.
  2706 | D        | Found a burning altar of Makhleb.
  2706 | D        | Found a bloodstained altar of Trog.
  2707 | D        | Found a blossoming altar of Fedhas.
  2707 | D        | Found a corrupted altar of Lugonu.
  2707 | D        | Found a basalt altar of Yredelemnul.
  2707 | D        | Found a shimmering blue altar of Sif Muna.
  2708 | D        | Found a white marble altar of Elyvilon.
  2708 | D        | Found an ancient bone altar of Kikubaaqudgha.
  2709 | D        | Found a shadowy altar of Dithmenos.
  2709 | D        | Found a viscous altar of Jiyva.
  2710 | D        | Found a snail-covered altar of Cheibriados.
  2710 | D        | Noticed a death drake
  3179 | D        | Noticed a death drake
  3182 | D        | Noticed a crystal guardian
  3260 | D        | Killed a death drake
  3261 | D        | Reached skill level 10 in Maces & Flails
  3261 | D        | Reached skill level 10 in Armour
  3555 | D        | Killed a death drake
  3556 | D        | Reached XP level 9. HP: 64/64 MP: 9/9
  3689 | D        | Killed a crystal guardian
  3963 | D        | Noticed a yaktaur
  3963 | D        | Noticed a hornet
  3963 | D        | Noticed a polar bear
  3963 | D        | Noticed a polar bear
  3974 | D        | Killed a polar bear
  3974 | D        | Noticed a polar bear
  3982 | D        | Killed a polar bear
  3982 | D        | Reached ****** piety under Trog
  3983 | D        | Reached XP level 10. HP: 72/72 MP: 10/10
  4006 | D        | Received a gift from Trog
  4007 | D        | Reached skill level 10 in Dodging
  4215 | D        | Found a roughly hewn altar of Beogh.
  4221 | D        | Noticed a kraken
  4876 | D        | Noticed an iron elemental
  4906 | D        | Killed from afar by an iron elemental

Illustrated notes

Levels and vault maps discovered:
D:        the_violet_keep_of_menkaure [sprint2_stairs_cluster_1,
          sprint2_shoproom, sprint2_temple, sprint2_basic_supplies,
          sprint2_obstacle_5, sprint2_obstacle_4, sprint2_obstacle_7,
          sprint2_obstacle_6, sprint2_obstacle_1, sprint2_timed_cluster_1,
          sprint2_smallroom_cluster_1, sprint2_smallroom_final_cluster_1,
          sprint2_transparent_cluster_1, sprint2_second_timed_cluster_1,
          sprint2_sniper_area_1, sprint2_heavy_combat_area_1,
          sprint2_mutation_trap_area_1, sprint2_forest_area_1,
          sprint2_light_combat_area_1, sprint2_behind_water_1,
          sprint2_near_end_vault_1]

Skill      XL: |  1  2  3  4  5  6  7  8  9 10 |
---------------+-------------------------------+-----
Dodging        | 2 3 4 5 6 7 8 9 10 | 10.1
Fighting       | 4 5 6 7 8 9 11 12 | 12.9
Armour         | 3 5 6 7 8 9 11 12 | 12.7
Maces & Flails | 5 6 7 9 10 11 12 | 12.0

Action                   |  1- 3 |  4- 6 |  7- 9 | 10-12 || total
-------------------------+-------+-------+-------+-------++-------
Melee: Mace              |    16 |    48 |   193 |    84 ||   341
Invok: Berserk           |     2 |     1 |     7 |     2 ||    12
       Trog's Hand       |       |       |     2 |     2 ||     4
  Use: Potion            |       |       |     2 |       ||     2
       Scroll            |       |       |       |     4 ||     4
Armor: Animal skin       |       |    11 |       |       ||    11
       Plate armour      |       |       |   123 |    91 ||   214
Dodge: Dodged            |     7 |    31 |    85 |    59 ||   182
Block: Buckler           |       |       |       |     6 ||     6

Table legend: (Time is in decaauts)
 A = Elapsed time spent in this place.
 B = Non-inter-level travel time spent in this place.
 C = Inter-level travel time spent in this place.
 D = Time resting spent in this place.
 E = Time spent auto-exploring this place.
 F = Levels seen in this place.
 G = Mean time per level.
                   A        B        C        D        E       F      G
               +--------+--------+--------+--------+--------+-----+--------+
         Total |   4996 |   4994 |      2 |   4066 |     78 |   1 | 4996.0 |
       Dungeon |   4996 |   4994 |      2 |   4066 |     78 |   1 | 4996.0 |
               +--------+--------+--------+--------+--------+-----+--------+

Top non-repeatable levels by time:
       D: 4996 daAuts
